 Dungeon Crawl Stone Soup version 0.17.2 (webtiles) character file.

134 Charly the Ruffian (level 5, -4/43 (45) HPs)
             Began as a Ghoul Monk on June 9, 2016.
             Slain by a sky beast (6 damage)
             ... on level 6 of the Dungeon.
             The game lasted 00:07:49 (709 turns).

Charly the Ruffian (Ghoul Monk)                      Turns: 709, Time: 00:07:50

HP:   -4/43 (45)    AC:  8    Str: 15    XL:     5   Next: 17%
MP:   4/4           EV:  6    Int:  6    God:
Gold: 71            SH:  0    Dex:  9    Spells: 0 memorised, 4 levels left

rFire  . . .     SeeInvis .       - Unarmed
rCold  + . .     Clarity  .     p - +0 chain mail
rNeg   + + +     SustAt   .     (no shield)
rPois  ∞         Gourm    .     (no helmet)
rElec  .         Spirit   .     (no cloak)
rCorr  .         Warding  .     (no gloves)
rMut   .         Stasis   .     (no boots)
MR     .....                    (no amulet)
Stlth  ..........               (no ring)
                                q - -2 ring of dexterity (curse)

@: rotting, not resistant to hostile enchantments, extremely unstealthy
A: rotting body, claws 1, carnivore 3, cold resistance 1, negative energy
resistance 3, slow regeneration 1, torment resistance, unbreathing
a: no special abilities


You were on level 6 of the Dungeon.
You were not hungry.

You visited 2 branches of the dungeon, and saw 7 of its levels.

You collected 71 gold pieces.

Inventory:

Armour
 a - a +0 robe
 p - a +0 chain mail (worn)
Jewellery
 q - a cursed -2 ring of dexterity (left claw)
Scrolls
 f - a scroll of fear {unknown}
 g - a scroll of amnesia {unknown}
 l - a scroll of random uselessness {unknown}
 n - a scroll of teleportation {unknown}
 o - a scroll of recharging {unknown}
Potions
 c - a potion of mutation {unknown}
 d - 2 potions of curing
 h - a potion of lignification {unknown}
 i - a potion of haste {unknown}
 j - a potion of poison {unknown}
 k - a potion of brilliance {unknown}
 m - a potion of magic {unknown}
Comestibles
 b - a meat ration


   Skills:
 - Level 3.2 Fighting
 - Level 2.6 Dodging
 - Level 2.1 Stealth
 + Level 6.9 Unarmed Combat


You had 4 spell levels left.
You didn't know any spells.

Dungeon Overview and Level Annotations

Branches:
Dungeon (6/15)             Temple (1/1) D:5

Altars:
Ashenzari
Dithmenos
Elyvilon
Gozag
Qazlal
Ru
Vehumet
Zin


Innate Abilities, Weirdness & Mutations

Your body is rotting away.
You thrive on raw meat.
You are immune to poison.
You have sharp fingernails.
You are carnivorous and can eat meat at any time.
Your flesh is cold resistant.
You are immune to negative energy.
You regenerate slowly when monsters are visible.
You are immune to unholy pain and torment.
You can survive without breathing.


Message History

The sky beast is heavily wounded.
The sky beast hits you. The sky beast shocks you.
You closely miss the sky beast.
The sky beast is heavily wounded.
The sky beast hits you. The sky beast shocks you.
* * * LOW HITPOINT WARNING * * *
You scratch the sky beast.
The sky beast is heavily wounded.
The sky beast hits you.
* * * LOW HITPOINT WARNING * * *
The sky beast shocks you.
* * * LOW HITPOINT WARNING * * *
You closely miss the sky beast.
The sky beast is heavily wounded.
You barely miss the sky beast.
The sky beast is heavily wounded.
The sky beast flickers out of sight!
Something hits you.
* * * LOW HITPOINT WARNING * * *
Something shocks you.
You die...

###### #....# #....#
#....# #....# #.... ###
#..# ####.###..##########
#........@.........#
#........{.........#......
#.........<........#......
##'####.########...#......
#...# #.########...#....#
#....#.............#....#
#....#.............#....#
######..##..##..##'#....#
#..#### ####..†.#


There were no monsters in sight!

Vanquished Creatures
  A crimson imp (D:6)
  A giant frog skeleton (D:5)
  Jessica (D:3)
  A worker ant (D:5)
  An adder (D:6)
  An orc (D:5)
  2 bats
  2 goblins
  A hobgoblin (D:3)
  A quokka (D:2)
  A ball python (D:3)
  A giant cockroach (D:3)
  A giant newt (D:3)
  3 jackals (D:5)
  3 rats
21 creatures vanquished.

Notes
Turn   | Place    | Note
--------------------------------------------------------------
     0 | D:1      | Charly the Ghoul Monk began the quest for the Orb.
     0 | D:1      | Reached XP level 1. HP: 19/19 MP: 0/0
   292 | D:3      | Reached XP level 2. HP: 26/26 MP: 1/1
   298 | D:2      | Found a shattered altar of Ashenzari.
   298 | D:2      | Found a stormy altar of Qazlal.
   301 | D:2      | Found a shadowy altar of Dithmenos.
   328 | D:3      | Noticed Jessica
   331 | D:3      | Killed Jessica
   331 | D:3      | Reached skill level 5 in Unarmed Combat
   331 | D:3      | Reached XP level 3. HP: 31/31 MP: 2/2
   407 | D:5      | Entered Level 5 of the Dungeon
   500 | D:6      | Noticed a sky beast
   561 | D:5      | Found a staircase to the Ecumenical Temple.
   566 | D:5      | Reached skill level 6 in Unarmed Combat
   566 | D:5      | Reached XP level 4. HP: 27/37 MP: 3/3
   578 | Temple   | Entered the Ecumenical Temple
   700 | D:6      | Reached XP level 5. HP: 27/43 MP: 4/4
   707 | D:6      | HP: 2/43 [sky beast (5)]
   709 | D:6      | Slain by a sky beast

Action                   |  1- 3 |  4- 6 || total
-------------------------+-------+-------++-------
Melee: Unarmed           |    50 |    31 ||    81
  Use: Scroll            |       |     1 ||     1
 Stab: Sleeping          |     1 |       ||     1
  Eat: Chunk             |     2 |       ||     2
